 Dungeon Crawl Stone Soup version 0.26-a0-778-g3fe0686644 (webtiles) character file.

Game seed: 6683944491429661072

33 Giavanni the Sneak (level 3, 0/33 HPs)
             Began as a Minotaur Delver on Nov 10, 2020.
             Succumbed to an adder's poison
             ... on level 5 of the Dungeon.
             The game lasted 00:00:44 (133 turns).

Giavanni the Sneak (Minotaur Delver)                 Turns: 133, Time: 00:00:45

Health: 0/33       AC:  3    Str: 17    XL:     3   Next: 12%
Magic:  2/2        EV: 12    Int:  7    God:
Gold:   0          SH:  0    Dex: 11    Spells: 2/2 levels left

rFire    . . .     SeeInvis .   a - +0 hand axe
rCold    . . .     Faith    .   (no shield)
rNeg     . . .     Spirit   .   b - +0 leather armour
rPois    .         Reflect  .   (helmet restricted)
rElec    .         Harm     .   (no cloak)
rCorr    .         Rampage  .   (no gloves)
MR       .....                  (no boots)
Stlth    ++........             (no amulet)
HPRegen  0.11/turn              (no ring)
MPRegen  0.08/turn              (no ring)

@: brilliant, lethally poisoned (0 -> -4), hasted, very quick
A: retaliatory headbutt, horns 2
a: no special abilities


You were on level 5 of the Dungeon.
You visited 1 branch of the dungeon, and saw 1 of its levels.

Inventory:

Hand Weapons
 a - a +0 hand axe (weapon)
Armour
 b - a +0 leather armour (worn)
Wands
 g - a wand of digging (3)
Scrolls
 c - a scroll of fog
 d - a scroll of magic mapping
 e - a scroll of fear


   Skills:
 + Level 3.9 Fighting
 + Level 2.6 Axes
 + Level 0.5 Armour
 + Level 2.2 Dodging
 + Level 4.7 Stealth


You had 2 spell levels left.
You didn't know any spells.
Your spell library was empty.

Dungeon Overview and Level Annotations

Branches:
Dungeon (5/15)
 Temple: D:4-7

Altars:
Qazlal


Innate Abilities, Weirdness & Mutations

You reflexively headbutt those who attack you in melee.
You have a pair of horns on your head.


Message History

It was a potion of brilliance.
You feel clever all of a sudden.
You feel yourself speed up.
A frilled lizard comes into view.
A leopard gecko comes into view.
Found 7 gold pieces.
Found an escape hatch in the floor.
The frilled lizard barely misses you.
Found 11 gold pieces.
Found a stormy altar of Qazlal.
Found a robe.
Found a stone staircase leading up.
The adder bites you.
* * * LOW HITPOINT WARNING * * *
You are lethally poisoned!
The adder poisons you!
* * * LOW HITPOINT WARNING * * *
You feel sick.
Found a club and a runed lead wand.
You aren't carrying any potions.
You closely miss the adder. The adder closely misses you.
You closely miss the adder.
You die...

#......l...... #.#
##.....###### ### #.#
#...(.....# ./
..#####..†......#
...........†......#
)#.######.#########
.<# #.# #. #.# #.# #.
#@######.# #.
#S##$>...##### ##
#l##.........#
#h.#.#.......#
#..._.......$#
#.##.###.....#
.....................
.######[######.......
#.# .......


You could see a hound, an adder and a frilled lizard.

Vanquished Creatures
  A hound (D:5)
  A leopard gecko (D:5)
  A quokka (D:5)
3 creatures vanquished.

Notes
Turn   | Place    | Note
-------+----------+-------------------------------------------
     0 | D:5      | Giavanni the Minotaur Delver began the quest for the Orb.
     0 | D:5      | Reached XP level 1. HP: 19/19 MP: 0/0
   100 | D:5      | Noticed a hound
   108 | D:5      | Killed a hound
   108 | D:5      | Reached XP level 2. HP: 2/27 MP: 1/1
   108 | D:5      | Reached XP level 3. HP: 2/33 MP: 2/2
   122 | D:5      | Found a stormy altar of Qazlal.
   130 | D:5      | HP: 1/33 [poisoned by an adder]
   133 | D:5      | Succumbed to an adder's poison

Illustrated notes

Levels and vault maps discovered:
D:5:      layout_basic, lemuel_crystal_altar

Action                   || total
-------------------------++-------
Melee: Hand axe          ||    11
  Use: Potion            ||     2
Armor: Leather armour    ||     2
Dodge: Dodged            ||    10

Table legend: (Time is in decaauts)
 A = Elapsed time spent in this place.
 B = Non-inter-level travel time spent in this place.
 C = Inter-level travel time spent in this place.
 D = Time resting spent in this place.
 E = Time spent auto-exploring this place.
 F = Levels seen in this place.
 G = Mean time per level.
                   A        B        C        D        E       F      G
               +--------+--------+--------+--------+--------+-----+--------+
         Total |    129 |    129 |      0 |      0 |     93 |   1 |  129.0 |
       Dungeon |    129 |    129 |      0 |      0 |     93 |   1 |  129.0 |
               +--------+--------+--------+--------+--------+-----+--------+

Top non-repeatable levels by time:
     D:5: 129 daAuts
